[Event "RUS-ch Blitz 2021"]
[Site "Sochi"]
[Date "2021.10.11"]
[Round "5.2"]
[White "Sarana, Alexey"]
[Black "Timofeev, Artyom"]
[Result "0-1"]
[ECO "A50"]
[WhiteElo "2649"]
[BlackElo "2586"]
[Annotator "ChessBase"]
[PlyCount "170"]
[EventDate "2021.10.11"]
[EventType "blitz"]
[EventCountry "RUS"]
[SourceTitle "playchess.com"]
[Source "ChessBase"]
[SourceQuality "1"]
[TimeControl "180+2"]

1. d4 Nf6 2. c4 b6 3. f3 d5 4. cxd5 Nxd5 5. e4 Nf6 6. Nc3 e6 7. Be3 Be7 8. Bc4 O-O 9. Nge2 Ba6 10. Bxa6 Nxa6 11. O-O c6 12. Qa4 Qc8 13. Rac1 Qb7 14. a3 Rac8 15. b4 Nb8 16. Rc2 Nbd7 17. Rfc1 c5 18. dxc5 bxc5 19. b5 Nb6 20. Qb3 Nfd7 21. a4 a5 22. Qa2 Rfd8 23. Rd2 Ne5 24. Rcd1 Rxd2 25. Bxd2 c4 26. Be3 Bb4 27. Qc2 Nbd7 28. Na2 h6 29. Nd4 Bc5 30. Nc3 Nd3 31. Qe2 Qb6 32. Nc2 N7e5 33. Bxc5 Nxc5 34. Qe3 Ned3 35. h3 Nb4 36. Nd4 Ncd3 37. Nf5 Qc7 38. b6 Qd7 39. Nd4 Rb8 40. Ndb5 Qc6 41. Kh2 Qxb6 42. Qxb6 Rxb6 43. Rd2 Rb8 44. Nd4 Kf8 45. Ndb5 g5 46. h4 Ke7 47. Kg3 Rg8 48. hxg5 hxg5 49. Kg4 Nc6 50. Kg3 Nce5 51. Ne2 Nc5 52. Nec3 Ned3 53. Nd4 Rc8 54. Rc2 Kf6 55. Kg4 Ne5+ 56. Kg3 Ncd3 57. Ncb5 Nb4 58. Rc3 Rd8 59. Kf2 g4 60. f4 Ned3+ 61. Ke3 Nxf4 62. Kxf4 e5+ 63. Ke3 exd4+ 64. Nxd4 Rc8 65. Kf4 Nd3+ 66.
Ke3 Ke5 67. Nb5 Ke6 68. Kd4 Ne5 69. Ke3 Rd8 70. Nd4+ Kf6 71.
Rc2 Kg6 72. Rb2 c3 73. Rb6+ f6 74. Rb5 Rc8 75. Nc2 Rd8 76. Nd4 Nc4+ 77. Kd3 c2 78. Kxc2 Rxd4 79. Kc3 Rxe4 80. Rc5 Ne5 81. Rxa5 Re2 82. Ra8 Rxg2 83. a5 Ra2 84. Kb3 Ra1 85. Kb2 Rxa5 0-1

[Event "RUS-ch Blitz 2021"]
[Site "Sochi"]
[Date "2021.10.11"]
[Round "5.3"]
[White "Moiseenko, Vadim"]
[Black "Dreev, Aleksey"]
[Result "0-1"]
[ECO "D13"]
[WhiteElo "2542"]
[BlackElo "2635"]
[Annotator "ChessBase"]
[PlyCount "67"]
[EventDate "2021.10.11"]
[EventType "blitz"]
[EventCountry "RUS"]
[SourceTitle "playchess.com"]
[Source "ChessBase"]
[SourceQuality "1"]
[TimeControl "180+2"]

1. Nf3 d5 2. c4 c6 3. d4 Nf6 4. cxd5 cxd5 5. Nc3 Nc6 6. Bf4 e6 7. e3 Bd6 8. Bg5 h6 9. Bh4 Bd7 10. Rc1 Rc8 11. Bd3 O-O 12. Bb1 Be7 13.
O-O Nh5 14. Bxe7 Qxe7 15. Qd3 g6 16. Rfe1 Rfd8 17. Qd2 Kg7 18.
Ne5 Be8 19. f4 Nf6 20. Rf1 b5 21. Nxb5 Ne4 22. Bxe4 dxe4 23. Nc3 Qb7 24. Qf2 Ne7 25. b3 Rc7 26. Ne2 Rdc8 27. Rxc7 Rxc7 28. Nc4 Bb5 29. Nd6 Qd5 30. Nxb5 Qxb5 31. Rc1 Rxc1+ 32. Nxc1 Qb4 33. Kf1 Nd5 34. Qc2 0-1

[Event "RUS-ch Blitz 2021"]
[Site "Sochi"]
[Date "2021.10.11"]
[Round "5.4"]
[White "Sjugirov, Sanan"]
[Black "Demidov, Mikhail"]
[Result "1-0"]
[ECO "D17"]
[WhiteElo "2663"]
[BlackElo "2551"]
[Annotator "ChessBase"]
[PlyCount "105"]
[EventDate "2021.10.11"]
[EventType "blitz"]
[EventCountry "RUS"]
[SourceTitle "playchess.com"]
[Source "ChessBase"]
[SourceQuality "1"]
[TimeControl "180+2"]

1. d4 d5 2. c4 c6 3. Nf3 Nf6 4. Nc3 dxc4 5. a4 Bf5 6. Ne5 Na6 7. e3 Bd3 8. Nxd3 cxd3 9. Bxd3 Nb4 10. Be2 e6 11. a5 Be7 12. O-O O-O 13.
Bd2 a6 14. Na4 Nbd5 15. Qc2 Bb4 16. Bxb4 Nxb4 17. Qc5 Nbd5 18. b4 Ne4 19. Qc2 Nef6 20. Rab1 Qe7 21. Nc5 Rab8 22. Bf3 Rfd8 23. g3 g6 24. Rfc1 Kg7 25. Bg2 h5 26. h4 Ng4 27. Qe2 Ngf6 28. Bf3 Re8 29. Nd3 Red8 30. Kg2 Rh8 31. Qb2 Nc7 32. Nc5 Nb5 33. Re1 Rhd8 34. Rbd1 Kh7 35. e4 Kg8 36. d5 e5 37. dxc6 bxc6 38. Nxa6 Ra8 39. Nc5 Nd4 40. Qc3 Kg7 41. Nb3 Rab8 42. Nxd4 exd4 43. Rxd4 Rxd4 44. Qxd4 Rxb4 45. Qc3 Rb5 46.
Ra1 Qa7 47. e5 Nd5 48. Qxc6 Nc7 49. Qf6+ Kg8 50. Qe7 Rxa5 51. Rc1 Ne6 52. Rc8+ Kh7 53. Qe8 1-0

[Event "RUS-ch Blitz 2021"]
[Site "Sochi"]
[Date "2021.10.11"]
[Round "5.5"]
[White "Babanin, Gleb"]
[Black "Tsydypov, Zhamsaran"]
[Result "0-1"]
[ECO "B90"]
[WhiteElo "2094"]
[BlackElo "2526"]
[Annotator "ChessBase"]
[PlyCount "122"]
[EventDate "2021.10.11"]
[EventType "blitz"]
[EventCountry "RUS"]
[SourceTitle "playchess.com"]
[Source "ChessBase"]
[SourceQuality "1"]
[TimeControl "180+2"]

1. e4 c5 2. Nf3 d6 3. d4 cxd4 4. Nxd4 Nf6 5. Nc3 a6 6. f3 e5 7. Nb3 Be7 8. Be3 Be6 9. Qd2 O-O 10. O-O-O a5 11. a4 Na6 12. Qf2 Qc8 13.
Kb1 Nb4 14. g4 Ne8 15. Nd5 Nxd5 16. exd5 Bd7 17. Bb6 Bxa4 18. Nxa5 Bh4 19. Qd2 Bd8 20. Bxd8 Qxd8 21. b4 Qc7 22. Kb2 f5 23. g5 b6 24. Nc4 Bd7 25. Be2 g6 26. Ra1 Ng7 27. Rxa8 Rxa8 28. Ra1 Rxa1 29. Kxa1 Nh5 30. Qe3 Nf4 31. Bf1 Nxd5 32. Qb3 Be6 33. Ne3 Nxe3 34. Qxe6+ Qf7 35. Qc8+ Kg7 36. Bd3 Qe7 37. Qb8 e4 38. fxe4 fxe4 39. Be2 Qxg5 40. Qxb6 Qe5+ 41. Kb1 Nd5 42. Qa7+ Kh6 43. Qf2 Nc3+ 44. Kc1 Nxe2+ 45. Qxe2 Qa1+ 46. Kd2 Qd4+ 47. Kc1 Qxb4 48. Qe3+ Kg7 49. Qf4 Qd4 50. Qg4 Qe3+ 51. Kb1 Qb6+ 52. Kc1 Qe3+ 53. Kb1 Qf3 54. Qd7+ Kh6 55. Qxd6 e3 56. Qd3 Qf2 57. Qd4 Kh5 58. Kb2 g5 59. Kc3 Qf4 60. Qd1+ Kh4 61. Kd3 Qd6+ 0-1

[Event "RUS-ch Blitz 2021"]
[Site "Sochi"]
[Date "2021.10.11"]
[Round "5.6"]
[White "Sakaev, Konstantin"]
[Black "Murzin, Volodar"]
[Result "1-0"]
[ECO "D45"]
[WhiteElo "2603"]
[BlackElo "2513"]
[Annotator "ChessBase"]
[PlyCount "65"]
[EventDate "2021.10.11"]
[EventType "blitz"]
[EventCountry "RUS"]
[SourceTitle "playchess.com"]
[Source "ChessBase"]
[SourceQuality "1"]
[TimeControl "180+2"]

1. d4 Nf6 2. c4 c6 3. Nf3 d5 4. Nc3 a6 5. e3 e6 6. Qc2 Nbd7 7. b3 Bd6 8. Bb2 Qe7 9. Be2 O-O 10. O-O dxc4 11. bxc4 e5 12. h3 Re8 13. Rfd1 exd4 14. exd4 Nf8 15. Re1 Qd8 16. Bf1 Ng6 17. Rxe8+ Qxe8 18. Re1 Qd8 19. Ne4 Nxe4 20. Qxe4 Bd7 21. h4 h6 22. d5 cxd5 23. cxd5 Bb5 24. Qg4 Bxf1 25. Kxf1 Qb6 26. Bd4 Qb5+ 27. Kg1 h5 28. Qxh5 Re8 29. Rxe8+ Qxe8 30. g3 Qe4 31. Qh7+ Kf8 32. Qxg7+ Ke8 33. Qxf7+ 1-0

[Event "RUS-ch Blitz 2021"]
[Site "Sochi"]
[Date "2021.10.11"]
[Round "5.7"]
[White "Kobalia, Mikhail"]
[Black "Shubin, Kirill"]
[Result "0-1"]
[ECO "C03"]
[WhiteElo "2600"]
[BlackElo "2463"]
[Annotator "ChessBase"]
[PlyCount "49"]
[EventDate "2021.10.11"]
[EventType "blitz"]
[EventCountry "RUS"]
[SourceTitle "playchess.com"]
[Source "ChessBase"]
[SourceQuality "1"]
[TimeControl "180+2"]

1. e4 e6 2. d4 d5 3. Nd2 Be7 4. Bd3 c5 5. dxc5 Nf6 6. Ngf3 O-O 7. O-O Bxc5 8. exd5 exd5 9. Nb3 Bb6 10. h3 h6 11. Re1 Nc6 12. Be3 Bxe3 13.
Rxe3 Qb6 14. Qd2 Ne4 15. Bxe4 dxe4 16. Rxe4 Bf5 17. Rf4 Rad8 18. Qc1 Bg6 19. c3 Rfe8 20. Nfd4 Ne5 21. Qd2 Nc4 22. Qc1 Ne5 23. Qd2 Nc4 24. Qc1 Ne5 25. Qd2 0-1

[Event "RUS-ch Blitz 2021"]
[Site "Sochi"]
[Date "2021.10.11"]
[Round "5.8"]
[White "Pogosyan, Stefan"]
[Black "Pridorozhni, Aleksei"]
[Result "0-1"]
[ECO "D37"]
[WhiteElo "2407"]
[BlackElo "2564"]
[Annotator "ChessBase"]
[PlyCount "44"]
[EventDate "2021.10.11"]
[EventType "blitz"]
[EventCountry "RUS"]
[SourceTitle "playchess.com"]
[Source "ChessBase"]
[SourceQuality "1"]
[TimeControl "180+2"]

1. d4 d5 2. c4 e6 3. Nc3 Nf6 4. Nf3 a6 5. c5 b6 6. cxb6 cxb6 7. Bf4 Bd6 8.
e3 Bxf4 9. exf4 O-O 10. Bd3 Nc6 11. O-O Qd6 12. Ne5 Bd7 13.
Rc1 Rfc8 14. Qd2 Nxd4 15. Bxh7+ Nxh7 16. Qxd4 Nf6 17. Rfd1 Be8 18. f3 Rc7 19. Rc2 Rac8 20. Rdc1 Qc5 21. Qf2 Qxf2+ 22. Kxf2 d4 0-1

[Event "RUS-ch Blitz 2021"]
[Site "Sochi"]
[Date "2021.10.11"]
[Round "5.9"]
[White "Antipov, Mikhail Al."]
[Black "Lobanov, Sergei"]
[Result "1-0"]
[ECO "C54"]
[WhiteElo "2619"]
[BlackElo "2501"]
[Annotator "ChessBase"]
[PlyCount "75"]
[EventDate "2021.10.11"]
[EventType "blitz"]
[EventCountry "RUS"]
[SourceTitle "playchess.com"]
[Source "ChessBase"]
[SourceQuality "1"]
[TimeControl "180+2"]

1. e4 e5 2. Nf3 Nc6 3. Bc4 Nf6 4. d3 Bc5 5. O-O d6 6. c3 a5 7. Re1 O-O 8. h3 h6 9. Nbd2 Be6 10. Bb5 Qb8 11. Nf1 Qa7 12. d4 exd4 13.
Bxc6 dxc3 14. Ba4 Bxf2+ 15. Kh2 Bxe1 16. Qxe1 d5 17. Be3 c5 18. e5 Ne4 19. bxc3 b6 20. c4 Qc7 21. cxd5 Bxd5 22. Rd1 Bc6 23.
Bc2 f5 24. Ng3 Rae8 25. Bc1 Nxg3 26. Qxg3 Be4 27. Ba4 Rd8 28. Rd6 Bxf3 29. gxf3 f4 30. Bxf4 Rxd6 31. exd6 Qf7 32. Be5 Qxa2+ 33. Qg2 Qxg2+ 34. Kxg2 Kf7 35. d7 Ke7 36. Bc7 c4 37. Bxb6 c3 38. Bxa5 1-0

[Event "RUS-ch Blitz 2021"]
[Site "Sochi"]
[Date "2021.10.11"]
[Round "5.10"]
[White "Bocharov, Dmitry"]
[Black "Somkin, Kirill"]
[Result "1-0"]
[ECO "D73"]
[WhiteElo "2517"]
[BlackElo "2186"]
[Annotator "ChessBase"]
[PlyCount "55"]
[EventDate "2021.10.11"]
[EventType "blitz"]
[EventCountry "RUS"]
[SourceTitle "playchess.com"]
[Source "ChessBase"]
[SourceQuality "1"]
[TimeControl "180+2"]

1. d4 d5 2. c4 c6 3. Nf3 Nf6 4. g3 dxc4 5. Bg2 g6 6. a4 Bg7 7. O-O O-O 8. Na3 h6 9. Nxc4 Be6 10. b3 Na6 11. Re1 Ne4 12. Bb2 Nb4 13.
Nfd2 Nxd2 14. Qxd2 a5 15. e4 Qc7 16. Rac1 Rfd8 17. d5 Bd7 18.
Bxg7 Kxg7 19. h4 h5 20. Qd4+ Kg8 21. e5 Be6 22. d6 Bxc4 23.
bxc4 exd6 24. e6 d5 25. cxd5 Qe7 26. exf7+ Qxf7 27. d6 Rd7 28. Bh3 1-0

[Event "RUS-ch Blitz 2021"]
[Site "Sochi"]
[Date "2021.10.11"]
[Round "5.11"]
[White "Lysyj, Igor"]
[Black "Smagin, Sergey"]
[Result "1/2-1/2"]
[ECO "D30"]
[WhiteElo "2603"]
[BlackElo "2551"]
[Annotator "ChessBase"]
[PlyCount "79"]
[EventDate "2021.10.11"]
[EventType "blitz"]
[EventCountry "RUS"]
[SourceTitle "playchess.com"]
[Source "ChessBase"]
[SourceQuality "1"]
[TimeControl "180+2"]

1. d4 d5 2. c4 e6 3. Nf3 Nd7 4. g3 dxc4 5. Bg2 Ne7 6. O-O Nc6 7. Qc2 Nb6 8. Rd1 Be7 9. Nc3 O-O 10. a3 Re8 11. e4 h6 12. Bf4 Na5 13.
Re1 a6 14. Rad1 Bd6 15. Be3 Bd7 16. Ne5 Bxe5 17. dxe5 Qe7 18. f4 Rad8 19. Qf2 Na4 20. Nxa4 Bxa4 21. Bc5 Bxd1 22. Bxe7 Rxe7 23. Qc5 Nc6 24. Qxc4 Red7 25. Qc5 Ba4 26. h4 b6 27. Qc3 Rd3 28. Qc4 Bb5 29. Qc1 Rxg3 30. Kh2 Rgd3 31. Re3 Rd2 32. b3 Rd1 33. Qc3 R8d2 34. a4 Bf1 35. Rg3 Nd4 36. Qxc7 Nf3+ 37. Kh3 Ng1+ 38. Kh2 Nf3+ 39. Kh3 Ng1+ 40. Kh2 1/2-1/2

[Event "RUS-ch Blitz 2021"]
[Site "Sochi"]
[Date "2021.10.11"]
[Round "5.12"]
[White "Kukhmazov, Arsen"]
[Black "Grachev, Boris"]
[Result "1-0"]
[ECO "D37"]
[WhiteElo "2472"]
[BlackElo "2615"]
[Annotator "ChessBase"]
[PlyCount "87"]
[EventDate "2021.10.11"]
[EventType "blitz"]
[EventCountry "RUS"]
[SourceTitle "playchess.com"]
[Source "ChessBase"]
[SourceQuality "1"]
[TimeControl "180+2"]

1. d4 Nf6 2. c4 e6 3. Nf3 a6 4. Nc3 d5 5. cxd5 exd5 6. Bg5 Be6 7. Bxf6 Qxf6 8. Qb3 Ra7 9. g3 Bd6 10. Bg2 Qd8 11. h4 h6 12. O-O c6 13.
Qc2 Nd7 14. Rad1 O-O 15. e4 dxe4 16. Nxe4 Nf6 17. Ne5 Ra8 18. Rfe1 Nxe4 19. Bxe4 Qf6 20. f4 Rad8 21. a3 Bb8 22. Kg2 Ba7 23. Qc3 Bd5 24. Nf3 Rd7 25. Bxd5 Rxd5 26. Re5 Rfd8 27. b4 Qd6 28. Rd3 f6 29. Re4 h5 30. Qe1 Qf8 31. Re7 R5d7 32. Qe6+ Kh7 33. Rxd7 Rxd7 34. Qxd7 Qg8 35. Qf5+ Kh6 36. Re3 Qa2+ 37. Kh3 Qf2 38. Qe6 Qf1+ 39. Kh2 Qf2+ 40. Kh1 Qxg3 41. Ng5 Qxh4+ 42. Rh3 Qf2 43. Nf7+ Kg6 44. Ne5+ 1-0

[Event "RUS-ch Blitz 2021"]
[Site "Sochi"]
[Date "2021.10.11"]
[Round "5.13"]
[White "Iljiushenok, Ilia"]
[Black "Vlassow, Valentin"]
[Result "1-0"]
[ECO "B03"]
[WhiteElo "2554"]
[BlackElo "2238"]
[Annotator "ChessBase"]
[PlyCount "103"]
[EventDate "2021.10.11"]
[EventType "blitz"]
[EventCountry "RUS"]
[SourceTitle "playchess.com"]
[Source "ChessBase"]
[SourceQuality "1"]
[TimeControl "180+2"]

1. e4 Nf6 2. e5 Nd5 3. d4 d6 4. c4 Nb6 5. f4 dxe5 6. fxe5 c5 7. d5 g6 8. Nc3 Bg7 9. Bf4 O-O 10. Qd2 e6 11. O-O-O exd5 12. cxd5 Bg4 13. Nf3 c4 14. Bh6 Bxf3 15. Bxg7 Kxg7 16. gxf3 N8d7 17. Qd4 Kg8 18. h4 Qc7 19. f4 Qc5 20. h5 Qxd4 21. Rxd4 Rac8 22. hxg6 hxg6 23. Bh3 Kg7 24. e6 fxe6 25. dxe6 Nc5 26. e7 Rh8 27. Re1 Rce8 28. Bf1 Kf7 29. Ne4 Nxe4 30. Rdxe4 Rh4 31. a4 a5 32. Re6 Rxf4 33. Rxb6 Rxe7 34. Rxe7+ Kxe7 35. Be2 g5 36. Rg6 Re4 37. Kd2 c3+ 38. bxc3 Rxa4 39. Rxg5 Kd6 40. Rb5 Kc7 41. Bf3 b6 42. Kd3 Rf4 43. Be4 Rf6 44. Rh5 Rf7 45. Rh6 Rd7+ 46. Kc4 a4 47. Bc6 Rg7 48. Bxa4 Kb7 49. Bc6+ Ka7 50. Be4 Rc7+ 51. Kb4 Re7 52. Rh7 1-0

[Event "RUS-ch Blitz 2021"]
[Site "Sochi"]
[Date "2021.10.11"]
[Round "5.14"]
[White "Savitskiy, Sergey"]
[Black "Afanasiev, Nikita"]
[Result "0-1"]
[ECO "C45"]
[WhiteElo "2439"]
[BlackElo "2560"]
[Annotator "ChessBase"]
[PlyCount "78"]
[EventDate "2021.10.11"]
[EventType "blitz"]
[EventCountry "RUS"]
[SourceTitle "playchess.com"]
[Source "ChessBase"]
[SourceQuality "1"]
[TimeControl "180+2"]

1. e4 e5 2. Nf3 Nc6 3. d4 exd4 4. Nxd4 Qf6 5. Nb5 Bc5 6.
Qe2 Qd8 7. Be3 Bxe3 8. Qxe3 a6 9. N5c3 Nge7 10. g3 O-O 11.
Bg2 d5 12. exd5 Nf5 13. Qd2 Re8+ 14. Kf1 Ne5 15. Na3 b5 16. Ne4 Nd6 17. Nxd6 cxd6 18. c3 Bf5 19. h3 Qf6 20. Kg1 Bg6 21. f4 Nd3 22. Kh2 Re7 23. Nc2 Nxb2 24. Nd4 Nc4 25. Qf2 Be4 26. Nc6 Ree8 27. Nd4 Bxg2 28. Qxg2 Re3 29. Rhe1 Rae8 30. Rxe3 Rxe3 31. Rc1 h5 32. h4 Qg6 33. f5 Qg4 34. Rc2 Ne5 35. Rf2 Rxc3 36. Rf4 Qd1 37. f6 Ng4+ 38. Rxg4 hxg4 39. Nf5 Rc2 0-1

[Event "RUS-ch Blitz 2021"]
[Site "Sochi"]
[Date "2021.10.11"]
[Round "5.15"]
[White "Samusenko, Maksim"]
[Black "Rozum, Ivan"]
[Result "0-1"]
[ECO "B11"]
[WhiteElo "2461"]
[BlackElo "2529"]
[Annotator "ChessBase"]
[PlyCount "80"]
[EventDate "2021.10.11"]
[EventType "blitz"]
[EventCountry "RUS"]
[SourceTitle "playchess.com"]
[Source "ChessBase"]
[SourceQuality "1"]
[TimeControl "180+2"]

1. e4 c6 2. Nc3 d5 3. Nf3 Bg4 4. h3 Bxf3 5. Qxf3 e6 6. Be2 Nf6 7. O-O Bc5 8. Rd1 Bd4 9. Qf4 Bxc3 10. bxc3 Nxe4 11. Rb1 b6 12. Ba3 Nd7 13. c4 Qf6 14. Qe3 Qg5 15. f4 Qg3 16. Bf3 O-O-O 17. Bb4 Kc7 18. d3 Nd6 19. Be1 Qg6 20. a4 Rhe8 21. a5 Rb8 22. Bf2 Qf6 23.
Qd2 Red8 24. Qb4 Qxf4 25. axb6+ axb6 26. Ra1 Rb7 27. Ra6 Rdb8 28. Qc3 Ne5 29. Be2 dxc4 30. Bd4 f6 31. Rf1 Qg5 32. dxc4 c5 33. Be3 Qg3 34. Bf3 Nxf3+ 35. Rxf3 Qe5 36. Qb3 Qe4 37. Bf4 e5 38. Bg3 Qxc4 39. Qa3 Nb5 40. Qc1 Nd4 0-1

[Event "RUS-ch Blitz 2021"]
[Site "Sochi"]
[Date "2021.10.11"]
[Round "5.16"]
[White "Petrov, Nikita"]
[Black "Smirnov, Timofey"]
[Result "1-0"]
[ECO "A11"]
[WhiteElo "2539"]
[BlackElo "2409"]
[Annotator "ChessBase"]
[PlyCount "93"]
[EventDate "2021.10.11"]
[EventType "blitz"]
[EventCountry "RUS"]
[SourceTitle "playchess.com"]
[Source "ChessBase"]
[SourceQuality "1"]
[TimeControl "180+2"]

1. Nf3 d5 2. c4 c6 3. e3 Bg4 4. Qb3 Qc7 5. cxd5 cxd5 6. Nc3 Bxf3 7. gxf3 e6 8. d4 Nc6 9. Bd2 Nf6 10. f4 g6 11. Bd3 Bg7 12. Rc1 O-O 13.
O-O Rfc8 14. Na4 Ne8 15. Nc5 Nd6 16. Qa4 a6 17. b3 Bf8 18.
Rc2 b5 19. Qa3 Nb7 20. Qb2 Nxc5 21. dxc5 Bg7 22. Qc1 e5 23. fxe5 Bxe5 24. f4 Bg7 25. Qd1 f5 26. Qf3 Qf7 27. h4 Re8 28. h5 Rad8 29. Kh1 Qe6 30.
a4 bxa4 31. bxa4 Kf8 32. Re1 d4 33. e4 fxe4 34. Rxe4 Qd7 35. f5 gxf5 36. Rxe8+ Rxe8 37. Bxf5 Qf7 38. Be4 Qxf3+ 39. Bxf3 Ne5 40. Bd5 d3 41. Rc1 Rd8 42. Be4 h6 43. c6 Rc8 44. c7 Ke7 45. Bf5 Nd7 46. Bb4+ Ke8 47. Bg6# 1-0

[Event "RUS-ch Blitz 2021"]
[Site "Sochi"]
[Date "2021.10.11"]
[Round "5.17"]
[White "Savchenko, Boris"]
[Black "Khubukshanov, Erdem"]
[Result "1-0"]
[ECO "B33"]
[WhiteElo "2535"]
[BlackElo "2373"]
[Annotator "ChessBase"]
[PlyCount "43"]
[EventDate "2021.10.11"]
[EventType "blitz"]
[EventCountry "RUS"]
[SourceTitle "playchess.com"]
[Source "ChessBase"]
[SourceQuality "1"]
[TimeControl "180+2"]

1. e4 c5 2. Nf3 Nc6 3. d4 cxd4 4. Nxd4 Qb6 5. Nb3 Nf6 6.
Nc3 e6 7. Be3 Qc7 8. g4 Bb4 9. Bg2 d5 10. exd5 Nxd5 11. Bxd5 exd5 12. Qxd5 Bxg4 13. Qe4+ Be6 14. O-O-O Bxc3 15. bxc3 O-O 16.
Rhg1 Rfe8 17. Rxg7+ Kxg7 18. Rg1+ Kf8 19. Bc5+ Re7 20. Qxh7 Ke8 21. Rg8+ Kd7 22. Qd3+ 1-0

[Event "RUS-ch Blitz 2021"]
[Site "Sochi"]
[Date "2021.10.11"]
[Round "5.18"]
[White "Gavrilov, Oleg"]
[Black "Trushnikov, Sergey"]
[Result "0-1"]
[ECO "A40"]
[WhiteElo "2356"]
[BlackElo "2525"]
[Annotator "ChessBase"]
[PlyCount "116"]
[EventDate "2021.10.11"]
[EventType "blitz"]
[EventCountry "RUS"]
[SourceTitle "playchess.com"]
[Source "ChessBase"]
[SourceQuality "1"]
[TimeControl "180+2"]

1. d4 g6 2. c4 Bg7 3. Nc3 c5 4. d5 Bxc3+ 5. bxc3 f5 6. e4 fxe4 7. Qc2 d6 8. Ne2 Nf6 9. Ng3 Bf5 10. Be2 Nbd7 11. Nxf5 gxf5 12. O-O Ne5 13. Rb1 b6 14. Bf4 O-O 15. a4 Qe8 16. a5 Rb8 17. axb6 axb6 18. Bh6 Rf7 19. h3 Kh8 20. Qd2 Qg8 21. Kh1 Qg6 22. Qg5 Ned7 23.
Ra1 Rg8 24. Qxg6 hxg6 25. f4 exf3 26. gxf3 g5 27. f4 Ne4 28. Kh2 g4 29. hxg4 fxg4 30. Bg5 Nxg5 31. fxg5 Rxf1 32. Rxf1 Rxg5 33. Kg3 Kg7 34. Ra1 Re5 35. Bxg4 Nf6 36. Bf3 Re3 37. Kf4 Rxc3 38. Ra4 Nd7 39. Ra7 Ne5 40. Be4 Kf6 41. Ra8 Rxc4 42. Rf8+ Kg7 43. Re8 Kf7 44. Rh8 b5 45. Rh7+ Kf8 46. Kf5 b4 47. Rh8+ Kg7 48. Rb8 Rc3 49. Ke6 b3 50. Kxe7 Nc4 51. Bf5 Re3+ 52. Kd7 b2 53. Kc6 Kf6 54. Bh7 Ke5 55. Re8+ Kd4 56. Rf8 Re1 57. Rf4+ Kc3 58. Rf3+ Kb4 0-1

[Event "RUS-ch Blitz 2021"]
[Site "Sochi"]
[Date "2021.10.11"]
[Round "5.19"]
[White "Nozdrachev, Vladislav"]
[Black "Indzhiev, Aldar"]
[Result "1/2-1/2"]
[ECO "B12"]
[WhiteElo "2495"]
[BlackElo "2101"]
[Annotator "ChessBase"]
[PlyCount "66"]
[EventDate "2021.10.11"]
[EventType "blitz"]
[EventCountry "RUS"]
[SourceTitle "playchess.com"]
[Source "ChessBase"]
[SourceQuality "1"]
[TimeControl "180+2"]

1. e4 c6 2. d4 d5 3. e5 Bf5 4. Nf3 e6 5. Be2 Ne7 6. O-O Nd7 7. h3 h6 8. a4 Bh7 9. a5 a6 10. c4 dxc4 11. Nbd2 Nd5 12. Nxc4 Be7 13. Bd3 Bxd3 14. Qxd3 O-O 15. Qe4 c5 16. Rd1 cxd4 17. Nxd4 Qc7 18. Nf5 exf5 19. Qxd5 Rfd8 20. Bf4 Nf6 21. exf6 Qxf4 22. fxe7 Rxd5 23. Rxd5 Qc7 24. Nb6 Re8 25. Rd7 Qe5 26. Nd5 Kh7 27. Rd1 Qe2 28. Nc3 Qxb2 29. Nd5 Qe2 30. Nf4 Qe4 31. Nd5 Qe2 32. Nf4 Qe4 33. Nd5 Qe2 1/2-1/2

[Event "RUS-ch Blitz 2021"]
[Site "Sochi"]
[Date "2021.10.11"]
[Round "5.21"]
[White "Dudin, Gleb"]
[Black "Khegay, Dmitriy"]
[Result "1-0"]
[ECO "C41"]
[WhiteElo "2438"]
[BlackElo "2521"]
[Annotator "ChessBase"]
[PlyCount "134"]
[EventDate "2021.10.11"]
[EventType "blitz"]
[EventCountry "RUS"]
[SourceTitle "playchess.com"]
[Source "ChessBase"]
[SourceQuality "1"]
[TimeControl "180+2"]

1. d4 d6 2. e4 Nf6 3. Nc3 e5 4. Nf3 Nbd7 5. Bc4 Be7 6. O-O O-O 7. a4 c6 8. h3 a5 9. Re1 Qc7 10. Be3 exd4 11. Nxd4 Ne5 12. Bb3 Re8 13. f4 Ng6 14. Qf3 Bd7 15. Rad1 Rad8 16. Bf2 Bf8 17. g4 h6 18. Nf5 Bc8 19. Kh1 Be6 20. Rg1 d5 21. e5 Nd7 22. Nd4 Ndxe5 23. fxe5 Nxe5 24. Qg2 Ng6 25. Bg3 Bd6 26. Nce2 Bc8 27. c3 Qb6 28. Bxd6 Rxd6 29. Rgf1 Ne5 30. Ng3 Rg6 31. Bc2 Rg5 32. Rde1 Qd8 33. Nf3 Nxf3 34. Qxf3 f6 35. Qd3 g6 36. Rxe8+ Qxe8 37. Rxf6 Kg7 38. Rf1 h5 39. Nxh5+ Kh6 40. Ng3 Qe7 41. Qf3 Kg7 42. Kg2 Re5 43. Rf2 Bd7 44. Re2 c5 45. Rxe5 Qxe5 46. Qe2 Qd6 47. Qd3 Bc6 48. Kh2 Qf6 49. Qe3 d4 50. cxd4 cxd4 51. Qe2 Qd6 52. Bd3 Bxa4 53. h4 Bd7 54. Kh3 a4 55. h5 gxh5 56. Nxh5+ Kg8 57. Qe4 Qh6 58. Qg6+ Qxg6 59. Bxg6 Be6 60. Bc2 b5 61. Nf4 Bd7 62. Ne2 b4 63. Nxd4 Kg7 64. Kg3 a3 65. bxa3 bxa3 66. Bb3 Kg6 67. Kf4 Kf6 1-0

[Event "RUS-ch Blitz 2021"]
[Site "Sochi"]
[Date "2021.10.11"]
[Round "5.22"]
[White "Riazantsev, Alexander"]
[Black "Popov, Maksim"]
[Result "1-0"]
[ECO "D30"]
[WhiteElo "2634"]
[BlackElo "2179"]
[Annotator "ChessBase"]
[PlyCount "51"]
[EventDate "2021.10.11"]
[EventType "blitz"]
[EventCountry "RUS"]
[SourceTitle "playchess.com"]
[Source "ChessBase"]
[SourceQuality "1"]
[TimeControl "180+2"]

1. d4 Nf6 2. Nf3 e6 3. c4 d5 4. Bg5 Nbd7 5. e3 c6 6. Nbd2 Bd6 7. Bd3 h6 8. Bh4 O-O 9. O-O Qe7 10. e4 g5 11. Bg3 Bxg3 12. fxg3 dxe4 13. Nxe4 Nxe4 14. Bxe4 f5 15. Bc2 e5 16. Nxe5 Nxe5 17. Re1 Rd8 18.
Rxe5 Qd6 19. c5 Qxd4+ 20. Qxd4 Rxd4 21. Re8+ Kf7 22. Rae1 b6 23. Bb3+ Kg6 24. Rg8+ Kh5 25. h3 Rd7 26. Bd1+ 1-0

[Event "RUS-ch Blitz 2021"]
[Site "Sochi"]
[Date "2021.10.11"]
[Round "5.23"]
[White "Pershin, Denis"]
[Black "Nesterov, Arseniy"]
[Result "1-0"]
[ECO "D36"]
[WhiteElo "2388"]
[BlackElo "2514"]
[Annotator "ChessBase"]
[PlyCount "159"]
[EventDate "2021.10.11"]
[EventType "blitz"]
[EventCountry "RUS"]
[SourceTitle "playchess.com"]
[Source "ChessBase"]
[SourceQuality "1"]
[TimeControl "180+2"]

1. d4 d5 2. c4 e6 3. Nc3 Nf6 4. cxd5 exd5 5. Bg5 c6 6. Qc2 Be7 7. e3 O-O 8. Bd3 Nbd7 9. Nf3 h6 10. Bh4 Re8 11. O-O Ne4 12. Bxe7 Qxe7 13. Nd2 Nd6 14. Rae1 Nf8 15. e4 dxe4 16. Ndxe4 Be6 17. Nc5 Qf6 18. Nxe6 Nxe6 19. d5 Nd4 20. Qd1 c5 21. Rxe8+ Rxe8 22. Re1 Rxe1+ 23. Qxe1 g6 24. h3 h5 25. Qe3 Kg7 26. Kf1 b6 27. Kg1 b5 28. a3 a5 29. Qe1 b4 30. axb4 axb4 31. Nd1 Qg5 32. Kf1 Qxd5 33. Ne3 Qe6 34. Qd1 Nc6 35. Qc2 Ne5 36. Be2 c4 37. Qd2 c3 38. bxc3 b3 39. c4 Nd7 40. Qb2+ Qe5 41. Qxb3 Nc5 42. Qd1 Nde4 43. Kg1 Qf6 44. Qe1 Qd4 45. Bf3 Nd2 46. Bxh5 Nde4 47. Bf3 Nf6 48. Qd1 Qc3 49. Be2 Nfe4 50. Nd5 Qe5 51. Bf3 Nd6 52. Qe2 Qa1+ 53. Kh2 Qd4 54. Ne3 Qe5+ 55. Kg1 Qa1+ 56. Qd1 Qe5 57. Qd5 Qxd5 58. Bxd5 Kf6 59. Ng4+ Kg5 60. g3 f5 61. Ne5 Kf6 62. Nf3 Nb3 63. h4 Nc8 64. Kg2 Nb6 65. Bg8 Kg7 66. Bd5 Kf6 67. Kf1 Na5 68. Nd2 Ke5 69. f4+ Kf6 70. Ke2 Nd7 71. Kd3 Nc5+ 72. Kd4 Nd7 73. c5 Ke7 74. Nb3 Nxb3+ 75. Bxb3 Nf6 76. Bd1 Ne4 77. g4 Nf2 78. gxf5 gxf5 79. Bf3 Nh3 80. Ke5 1-0